 Dungeon Crawl Stone Soup version 0.16.1-11-g651b585 (webtiles) character file.

149 abixa the Slasher (level 5, 34/34 HPs)
             Began as a High Elf Skald on Apr 2, 2015.
             Quit the game on level 3 of the Dungeon.
             The game lasted 00:09:25 (3369 turns).

abixa the Slasher (High Elf Skald)                  Turns: 3369, Time: 00:09:26

Health: 34/34      AC:  6    Str: 15    XL:     5   Next: 9%
Magic:  21/21      EV: 10    Int: 16    God:
Gold:   148        SH:  0    Dex: 15    Spells: 2 memorised, 5 levels left

rFire  . . .     SeeInvis .     a - +0 falchion
rCold  . . .     Clarity  .     g - +0 ring mail
rNeg   . . .     SustAb   .     (no shield)
rPois  .         Gourm    .     (no helmet)
rElec  .         Spirit   .     f - +0 cloak
rCorr  .         Warding  .     (no gloves)
rMut   .         Stasis   .     (no boots)
MR     .....                    (no amulet)
Stlth  +.........               t - ring of magical power
                                l - +4 ring of strength

@: not resistant to hostile enchantments, very unstealthy
A: no striking features
a: no special abilities


You were on level 3 of the Dungeon.
You were not hungry.

You visited 1 branch of the dungeon, and saw 3 of its levels.

You collected 148 gold pieces.

Inventory:

Hand weapons
 a - a +0 falchion (weapon)
 h - a +0 hunting sling
 s - a +0 spear
Missiles
 b - 10 arrows
 q - 42 stones (quivered)
Armour
 f - a +0 cloak (worn)
 g - a +0 ring mail (worn)
Jewellery
 l - a +4 ring of strength (left hand)
 m - an uncursed amulet of stasis
 t - a ring of magical power (right hand)
Scrolls
 e - 2 scrolls of remove curse {unknown}
 j - 2 scrolls of teleportation {unknown}
 k - 4 scrolls of identify {unknown}
 u - 4 scrolls of amnesia {unknown}
 w - a scroll of magic mapping {unknown}
Potions
 i - a potion of heal wounds
 n - a potion of restore abilities {unknown}
Books
 c - a book of Battle

   Spells                             Type                      Level
   a - Infusion                       Charms                       1
   b - Shroud of Golubria             Charms/Translocation         2
   c - Song of Slaying                Charms                       2
   d - Spectral Weapon                Hexes/Charms                 3
   e - Regeneration                   Charms/Necromancy            3
Comestibles
 d - 2 bread rations
 o - a beef jerky
 p - a royal jelly
 r - a meat ration
 v - 2 chunks of flesh


   Skills:
 - Level 2.0 Fighting
 + Level 5.9 Long Blades
 - Level 0.8 Armour
 - Level 1.1 Dodging
 - Level 2.4 Spellcasting
 + Level 4.4 Charms


You had 5 spell levels left.
You knew the following spells:

 Your Spells              Type           Power        Failure   Level  Hunger
a - Infusion              Chrm           ###...       8%          1    #......
b - Song of Slaying       Chrm           ###.....     12%         2    ###....


Dungeon Overview and Level Annotations

Branches:
Dungeon (3/15)

Altars:


Message History

Magic restored.
You start resting.
HP restored.
Items here: )) †† a club x2 a hobgoblin corpse; a bat corpse Butcher a bat corpse? [(y)es/(c)hop/(n)o/(a)ll/(q)uit/?]
You butcher the bat corpse.
You butcher the hobgoblin corpse.
v - 3 chunks of flesh;
v - 4 chunks of flesh (gained 1)
Things that are here:
a club x2
You start waiting.
Eating one of 4 chunks of flesh.
This raw flesh tastes terrible.
You are feeling hungry.
You continue eating. x2
Eating one of 3 chunks of flesh.
This raw flesh tastes terrible.
You continue eating. x2
Done waiting.
Are you sure you want to abandon this character and quit the game? (Confirm with "yes".)

#.......##...###
##....###.###.##.#
#....##.#...#.#.###
####
#.#####.#..........
...# #.#
#.#...#.#.### ##.#
#.# ##.#.#.## #.#
##...## #.# ##.##
#.# #@# .
..########.# .##
..........# ...##
########..###....#
#.........#
#..#.#.#.#?#
#..........#
###.#.#.#.#.#..
##..............


There were no monsters in sight!

Vanquished Creatures
  A scorpion (D:3)
  A gnoll (D:2)
  3 adders
  An ooze (D:2)
  7 bats
  2 giant cockroaches
  9 hobgoblins
  6 jackals
  6 kobolds
  2 giant newts
  8 goblins
  8 rats
54 creatures vanquished.

Notes
Turn   | Place    | Note
--------------------------------------------------------------
     0 | D:1      | abixa, the High Elf Skald, began the quest for the Orb.
     0 | D:1      | Reached XP level 1. HP: 14/14 MP: 4/4
   314 | D:1      | Reached XP level 2. HP: 19/19 MP: 3/6
  1420 | D:2      | Reached skill level 4 in Long Blades
  1425 | D:2      | Learned a level 2 spell: Song of Slaying
  1639 | D:2      | Reached XP level 3. HP: 17/24 MP: 0/8
  2586 | D:2      | Reached skill level 5 in Long Blades
  2725 | D:2      | Reached XP level 4. HP: 29/29 MP: 11/11
  2902 | D:3      | Reached XP level 5. HP: 15/34 MP: 12/12
  3369 | D:3      | Quit the game

Action                   |  1- 3 |  4- 6 || total
-------------------------+-------+-------++-------
Melee: Falchion          |   138 |    43 ||   181
Throw: Stone             |     2 |     1 ||     3
 Cast: Infusion          |    12 |     2 ||    14
       Song of Slaying   |     1 |       ||     1
  Use: Potion            |       |     1 ||     1
  Eat: Chunk             |     6 |     2 ||     8
